 Dungeon Crawl Stone Soup version 0.32-a0-909-gc671339a80 (webtiles) character file.

Game seed: 3992273585783983526

135676 Tenar the Thaumaturge (level 16, -1/109 HPs)
             Began as a Demonspawn Cinder Acolyte on Apr 5, 2024.
             Was an Initiate of Gozag.
             Succumbed to poison (dark miasma)
             ... on level 2 of the Swamp on Apr 6, 2024.
             The game lasted 01:06:50 (36314 turns).

Tenar the Thaumaturge (Demonspawn Cinder Acolyte)  Turns: 36314, Time: 01:06:51

Health: -1/109     AC: 18    Str: 15    XL:     16   Next: 65%
Magic:  23/32      EV: 14    Int: 24    God:    Gozag
Gold:   1165       SH:  9    Dex: 10    Spells: 8/39 levels left

rFire   + . .        a - +4 dagger (elec)
rCold   + . .        Y - +1 buckler {reflect}
rNeg    . . .        u - +3 leather armour {rC+}
rPois   +            (helmet restricted)
rElec   +            l - +2 cloak "Ykuw Lae" {Dex+5}
rCorr   +            R - +0 pair of gloves of the Inviting Gods {Fly Int+3 Dex-5}
SInv    .            O - +2 pair of boots {Fly}
Will    +....        H - amulet "Biss" {Acrobat Regen+ rCorr Stlth+}
Stlth   +++++        W - ring "Cucumn" {rElec EV+5}
HPRegen 1.18/turn    X - ring of poison resistance
MPRegen 0.23/turn

%: reflection, acrobat
@: lethally poisoned (-1 -> -30), gold aura, flying, slowed, very slow
A: horns 2, molten scales 3, condensation shield, demonic magic 2
a: Renounce Religion, Potion Petition, Call Merchant, Bribe Branch


You were on level 2 of the Swamp.
You worshipped Gozag.
Gozag was most pleased with you.
You visited 5 branches of the dungeon, and saw 25 of its levels.
You also visited: Ossuary and Ice Cave.

You collected 7850 gold pieces.
You spent 2786 gold pieces at shops.
You paid 3899 gold pieces to Gozag.

Inventory:

Hand Weapons
 a - a +4 dagger of electrocution (weapon)
 y - the +4 whip of Ifuttoid {freeze, *Slow rC+ Str+5}
   (You found it in an ice cave)

   Str+5:     It affects your strength (+5).
   rC+:       It protects you from cold.
   *Slow:     It may slow you when you take damage.
 J - the +6 flail of Hospitality {drain, Fly rC+ rCorr}
   (You found it on level 5 of the Dungeon)

   rC+:       It protects you from cold.
   Fly:       It grants you flight.
   rCorr:     It protects you from acid and corrosion.
 K - a +3 dagger of flaming
Missiles
 Z - 2 throwing nets (quivered)
Armour
 f - a scarf of resistance
 l - the +2 cloak "Ykuw Lae" (worn) {Dex+5}
   (You bought it in a shop on level 2 of the Orcish Mines)

   Dex+5:     It affects your dexterity (+5).
 u - a +3 leather armour of cold resistance (worn)
 D - a +2 robe of willpower
 O - a +2 pair of boots of flying (worn)
 R - the +0 pair of gloves of the Inviting Gods (worn) {Fly Int+3 Dex-5}
   (You found it on level 1 of the Swamp)

   Int+3:     It affects your intelligence (+3).
   Dex-5:     It affects your dexterity (-5).
   Fly:       It grants you flight.
 Y - a +1 buckler of reflection (worn)
Magical Staves
 b - a staff of cold
 C - a staff of fire
Jewellery
 g - a ring of positive energy
 k - a +4 ring of protection
 n - a ring of willpower
 o - a ring of see invisible
 s - the ring of Desoig {rElec rF+ SInv}
   (You found it on level 1 of the Swamp)

   [ring of protection from fire]

   rF+:       It protects you from fire.
   rElec:     It insulates you from electricity.
   SInv:      It lets you see invisible.
 t - a ring of wizardry
 H - the amulet "Biss" (around neck) {Acrobat Regen+ rCorr Stlth+}
   (You bought it in a shop on level 5 of the Lair of Beasts)

   [amulet of the acrobat]

   Acrobat:   It increases your evasion while moving and waiting.
   Regen+:    It increases your rate of health regeneration.
   rCorr:     It protects you from acid and corrosion.
   Stlth+:    It makes you more stealthy.
 P - a ring of willpower
 Q - a ring of ice
 W - the ring "Cucumn" (left hand) {rElec EV+5}
   (You bought it in a shop on level 5 of the Lair of Beasts)

   [ring of evasion]

   EV+5:      It affects your evasion (+5).
   rElec:     It insulates you from electricity.
 X - a ring of poison resistance (right hand)
Wands
 I - a wand of charming (10)
 U - a wand of digging (9)
Scrolls
 c - a scroll of silence
 e - 4 scrolls of amnesia
 q - 5 scrolls of revelation
 v - 4 scrolls of vulnerability
 z - 5 scrolls of enchant armour
 B - 2 scrolls of teleportation
 E - 2 scrolls of butterflies
 G - 5 scrolls of enchant weapon
 L - 4 scrolls of fog
 M - 2 scrolls of immolation
 V - 8 scrolls of identify
Potions
 d - 16 potions of curing
 i - 4 potions of lignification
 j - 4 potions of might
 p - 3 potions of brilliance
 r - 3 potions of berserk rage
 w - 3 potions of cancellation
 x - 2 potions of mutation
 A - a potion of magic
 F - 6 potions of invisibility
 N - 2 potions of resistance
 S - a potion of enlightenment
 T - 2 potions of haste
Miscellaneous
 h - a phantom mirror


   Skills:
 - Level 5.0 Fighting
 + Level 9.5 Short Blades
 - Level 5.0 Armour
 + Level 9.6 Stealth
 + Level 4.3 Shields
 + Level 12.2 Spellcasting
 * Level 7.8 Conjurations
 - Level 8.0 Necromancy
 - Level 6.0 Translocations
 - Level 10.0 Fire Magic
 + Level 10.5 Ice Magic
 * Level 3.6 Air Magic
 + Level 7.7 Earth Magic
 - Level 8.1 Evocations


You had 8 spell levels left.
You knew the following spells:

 Your Spells              Type           Power      Damage    Failure   Level
a - Scorch                Fire           100%       2d9       1%          2
b - Frozen Ramparts       Ice            100%       1d16      1%          3
c - Fireball              Conj/Fire      27%        3d12      4%          5
d - Dispel Undead         Necr           52%        3d19      2%          4
e - Lesser Beckoning      Tloc           86%        N/A       1%          2
f - Permafrost Eruption   Ice/Erth       27%        2x4d7     24%         6
g - Chain Lightning       Conj/Air       21%        3d28      100%        9

Your spell library contained the following spells:

 Spells                   Type           Power      Damage    Failure   Level
 Foxfire                  Conj/Fire      100%       2x1d9     1%          1
 Freeze                   Ice            100%       1d10      1%          1
 Blink                    Tloc           86%        N/A       1%          2
 Cigotuvi's Dreadful Rot  Necr/Alch/Air  66%        N/A       1%          2
 Ensorcelled Hibernation  Hex/Ice        78%        N/A       1%          2
 Momentum Strike          Conj/Tloc      94%        3d10      1%          2
 Sublimation of Blood     Necr           52%        N/A       1%          2
 Fugue of the Fallen      Necr           52%        N/A       1%          3
 Hailstorm                Conj/Ice       56%        3d11      1%          3
 Vampiric Draining        Necr           52%        2d9       1%          3
 Summon Ice Beast         Ice/Summ       39%        N/A       2%          3
 Dazzling Flash           Conj/Hex       66%        N/A       4%          3
 Mephitic Cloud           Conj/Alch/Air  33%        N/A       4%          3
 Slow                     Hex            56%        N/A       7%          1
 Curse of Agony           Necr           52%        N/A       7%          5
 Call Imp                 Summ           28%        N/A       10%         2
 Anguish                  Hex/Necr       16%        N/A       13%         4
 Martyr's Knell           Necr/Summ      33%        N/A       13%         4
 Dimensional Bullseye     Hex/Tloc       14%        N/A       19%         4
 Call Canine Familiar     Summ           14%        N/A       21%         3
 Confusing Touch          Hex            14%        N/A       21%         3
 Sigil of Binding         Hex            14%        N/A       21%         3
 Starburst                Conj/Fire      27%        6d9       26%         6
 Plasma Beam              Fire/Air       23%        2x1d35    52%         6
 Cause Fear               Hex            7%         N/A       54%         4
 Silence                  Hex/Air        11%        N/A       65%         5
 Sculpt Simulacrum        Ice/Alch       19%        N/A       75%         6
 Summon Hydra             Summ           7%         N/A       100%        7
 Dragon's Call            Summ           7%         N/A       100%        9
 Fire Storm               Conj/Fire      27%        8d7       100%        9
 Shatter                  Erth           25%        3d22*     100%        9


Dungeon Overview and Level Annotations

Branches:
Dungeon (15/15)            Temple (1/1) D:7            Lair (5/5) D:9
  Swamp (2/4) Lair:2        Snake (0/4) Lair:2        Slime (0/5) Lair:4
    Orc (2/2) D:12            Elf (0/3) Orc:2        Vaults (0/5) D:13
 Depths (0/4) D:15        Ossuary (visited)           IceCv (visited)

Altars:
Ashenzari
Cheibriados
Dithmenos
Fedhas
Gozag
Hepliaklqana
Kikubaaqudgha
Makhleb
Nemelex Xobeh
Okawaru
Qazlal
Ru
Sif Muna
Trog
Uskayaw
Vehumet
Wu Jian
Xom
Yredelemnul
Beogh

Shops:
D:4 (   D:5 =   D:12 [   D:14 *   Orc:2 **:[*   Lair:5 =[[

Annotations:
D:8 2 transporters


Innate Abilities, Weirdness & Mutations

You have a pair of horns on your head.
You are completely covered in molten scales. (AC +4, rF+)
A meltable shield of frost defends you. (SH +4)
Spells you cast may paralyse nearby enemies.


Message History

You block the death drake's attack. x2
You see here 7 gold pieces.
You take 8 damage, and have 59/109 hp.
Flames lash the death drake.
The death drake is burned terribly!
Malevolent energies surge around you.
You feel extremely sick. The death drake breathes miasma at you.
The foul vapour misses you. You block the death drake's attack.
You take 6 damage, and have 53/109 hp.
You now have 27/32 mp.
Unknown command.
You are engulfed in dark miasma.
You feel as though you will be slow longer.
You feel very sick. You block the death drake's attack. x2
You take 18 damage, and have 35/109 hp.
Press: ? - help, Shift-Dir - straight line
Okay, then.
You feel very sick. The death drake breathes miasma at you.
The foul vapour misses you.
You see here the staff of Yzaliv {*Slow rF+ Dex-5 SInv Fire Alchemy}.
You take 2 damage, and have 33/109 hp.
Press: ? - help, Shift-Dir - straight line The fireball explodes!
The fireball engulfs the death drake!!!
The death drake is burned terribly!
Malevolent energies surge around you.
The death drake suddenly stops moving!
You are engulfed in dark miasma.
You are more poisoned.
* * * LOW HITPOINT WARNING * * *
x2 You feel extremely sick.
You take 19 damage, and have 14/109 hp.
You now have 23/32 mp.
Unknown command.
The helpless death drake fails to defend itself.
You skewer the death drake like a kebab!!!
You kill the death drake!
You are engulfed in dark miasma.
You are lethally poisoned!
* * * LOW HITPOINT WARNING * * *
You die...
Your body crumbles into a pile of gold.

♣♣♣#♣~~~~~~#♣♣.....~♣♣..~~~~~~<..
♣ ♣♣.~♣~~~≈♣##♣♣##♣♣......~~.~§[
♣♣♣♣~~≈~♣♣♣≈♣♣$....♣♣.~.~.~~..~~~
.♣.~♣.~♣♣♣.~.♣°♣♣♣.♣♣.♣~~...♣..~.
~♣~.♣~.♣♣♣§.♣#°°°$$♣♣.~~....~~~~#
♣~♣♣♣.~~~~♣♣♣♣○##'##..~~♣...~..##
♣♣# ♣~♣♣#♣♣ #.#$$#♣.♣....~.~~.#
.♣♣♣♣..☼☼♣♣ ♣.#○.##...~~~~~.~.#
♣.~~♣..♣♣§♣♣♣#.#@###~~.~~♣~..♣.##
♣~.~..⌠♣♣☼§♣.~.#'# ♣~.~.~..~.....
♣~~.♣♣♣♣☼♣♣.♣###)# #.~~.♣♣.~~§...
♣♣♣♣♣.☼○♣♣♣♣♣ ..# #~~.♣♣♣♣~~~.##
♣☼♣♣♣♣ ..# ♣~.♣♣ ♣♣♣..## .♣.♣...
#'## ♣~♣♣ ♣♣..# ≈~≈~≈≈≈ .. #~♣
♣.## ~≈~≈~≈≈ .♣ ♣~♣♣ ♣♣♣# ≈~≈~≈≈≈
♣~.♣ ♣.


There were no monsters in sight!

Vanquished Creatures
  A tentacled monstrosity (Swamp:2)
  The ghost of Geiziwus the Bludgeoner, an adept FoAK of Lugonu (Swamp:1)
  A thorn hunter (Swamp:2)
  Kirke (D:13)
  2 azure jellies (IceCv)
  An ironbound preserver (D:13)
  A ghoul (Swamp:2)
  A quicksilver ooze (IceCv)
  2 eleionomae (Swamp:2)
  3 bunyips
  The ghost of Heussueq the Imperceptible, a journeyman SpBr of Uskayaw (D:13)
  Snorg (D:13)
  A shambling mangrove (Swamp:2)
  A rakshasa (D:15)
  5 hydras
  Erolcha (D:13)
  7 alligators
  2 ogre magi (D:15)
  3 ghost crabs
  A spriggan air mage (Swamp:1)
  10 centaur warriors
  A catoblepas (Lair:3)
  7 boulder beetles
  13 two-headed ogres
  An occultist (D:15)
  5 orc high priests (Orc:2)
  A tengu warrior (D:12)
  Nergalle (Lair:3)
  2 skysharks
  A skeletal warrior (D:9)
  A deep troll (Lair:1)
  A goliath frog (Swamp:1)
  A death drake (Swamp:2)
  6 swamp dragons
  3 bog bodies (Swamp:2)
  3 spriggan druids
  8 orc knights
  A necromancer (D:15)
  A deep elf zephyrmancer (D:15)
  5 orc sorcerers
  2 deep elf pyromancers (D:15)
  9 ugly things
  A moth of wrath (Swamp:1)
  A wolf spider zombie (D:15)
  5 cyclopes
  A manticore (D:14)
  2 will-o-the-wisps (Swamp:1)
  15 elephants
  An ice statue (IceCv)
  A black mamba (Lair:3)
  A centaur skeleton (D:15)
  2 gargoyles
  12 cane toads
  A torpor snail (Lair:4)
  A centaur zombie (D:15)
  2 rime drakes
  An unseen horror (D:13)
  5 yaktaurs (D:13)
  2 efreet (D:13)
  3 kobold demonologists
  5 komodo dragons
  2 tengu conjurers
  3 red devils (D:10)
  11 hornets
  4 trolls
  4 polar bears (Lair:5)
  15 blink frogs
  13 tyrant leeches
  3 dream sheep (Lair:4)
  17 slime creatures
  18 spriggans
  5 wraiths
  2 vampires
  4 hogs (D:13)
  3 basilisks
  12 fire elementals
  2 wyverns
  5 wargs
  58 yaks
  A golden eye (shapeshifter) (D:11)
  6 vampire mosquitoes
  A naga (Lair:2)
  6 swamp worms
  12 water moccasins
  2 acid dragons
  4 great orb of eyes simulacra (IceCv)
  A water moccasin (shapeshifter) (D:11)
  A meliai simulacrum (D:13)
  45 orc warriors
  4 ice beasts
  5 black bears
  4 boggarts (Lair:5)
  4 laughing skulls
  11 ogres
  41 wolves
  17 centaurs
  A weeping skull (Ossuary)
  2 phantoms (D:5)
  3 kobold brigands
  5 slime creature simulacra (IceCv)
  3 scorpions
  3 glowing shapeshifter simulacra (IceCv)
  16 bullfrogs
  6 water moccasin zombies (Ossuary)
  14 wights
  9 killer bees
  3 electric eels
  3 howler monkeys
  A crimson imp (D:6)
  4 hounds
  A bombardier beetle (D:4)
  35 orc priests
  6 jellies
  4 sleepcaps
  6 iguanas
  19 orc wizards
  4 shapeshifter simulacra (IceCv)
  2 crocodile zombies (Ossuary)
  2 mummies (Ossuary)
  3 gnolls (D:5)
  11 adders
  A shadow imp (D:5)
  A white imp (D:6)
  An adder zombie (Ossuary)
  2 dart slugs
  A ribbon worm (D:2)
  87 orcs
  21 endoplasms
  A giant cockroach (D:3)
  5 goblins
  9 hobgoblins
  4 jackals
  16 kobolds
  3 quokkas (D:1)
  4 ball pythons
  11 bats
  4 frilled lizards
  6 gnoll zombies (Ossuary)
  A goblin zombie (D:6)
  A hobgoblin zombie (D:6)
  2 jackal zombies (Ossuary)
  A kobold zombie (D:6)
  2 orc skeletons (D:6)
  7 orc zombies
  8 rats
893 creatures vanquished.

Vanquished Creatures (others)
  2 humans (D:13)
  An orc wizard (Orc:1)
  An orc (Orc:2)
  21 foxfires
25 creatures vanquished.

Grand Total: 918 creatures vanquished

Notes
Turn   | Place    | Note
-------+----------+-------------------------------------------
     0 | D:1      | Tenar the Demonspawn Cinder Acolyte began the quest for the
                  | Orb.
     0 | D:1      | Reached XP level 1. HP: 18/18 MP: 2/2
   148 | D:1      | Gained mutation: You have a pair of small horns on your
                  | head. [demonic ancestry]
   148 | D:1      | Reached XP level 2. HP: 24/24 MP: 4/4
   156 | D:1      | Learned a level 2 spell: Scorch
   423 | D:1      | Gained mutation: Spells you cast may paralyse adjacent
                  | enemies. [demonic ancestry]
   423 | D:1      | Reached XP level 3. HP: 13/29 MP: 5/5
   426 | D:1      | Learned a level 2 spell: Lesser Beckoning
   930 | D:2      | Reached skill level 1 in Armour
  1172 | D:2      | Reached skill level 2 in Spellcasting
  1172 | D:2      | Reached XP level 4. HP: 35/35 MP: 1/7
  2078 | D:3      | Reached XP level 5. HP: 39/41 MP: 1/8
  2088 | D:3      | Learned a level 4 spell: Dispel Undead
  2322 | D:3      | Reached skill level 1 in Stealth
  2420 | D:3      | Reached skill level 1 in Translocations
  2631 | D:3      | Reached XP level 6. HP: 45/48 MP: 4/10
  2841 | D:3      | Reached skill level 1 in Necromancy
  2945 | D:3      | Reached skill level 3 in Spellcasting
  3333 | D:4      | Gained mutation: You are partially covered in molten
                  | scales. (AC +2) [demonic ancestry]
  3333 | D:4      | Reached XP level 7. HP: 29/53 MP: 2/11
  3359 | D:4      | Found Ruheluaf's Antique Weapon Boutique.
  3400 | D:4      | Found a sand-covered staircase.
  3408 | Ossuary  | Entered an ossuary
  3865 | Ossuary  | Gained mutation: You are mostly covered in molten scales.
                  | (AC +3) [demonic ancestry]
  3865 | Ossuary  | Reached XP level 8. HP: 60/60 MP: 8/13
  3915 | Ossuary  | Reached skill level 4 in Spellcasting
  3971 | Ossuary  | Identified the serpent talisman of Ashenzari {Int+5 Dex+3}
  4276 | D:4      | Found a broken altar of Ashenzari.
  4276 | D:4      | Found a basalt altar of Yredelemnul.
  4434 | D:5      | Entered Level 5 of the Dungeon
  4436 | D:5      | Noticed a two-headed ogre
  4443 | D:5      | Killed a two-headed ogre
  4444 | D:5      | Reached skill level 5 in Fire Magic
  4682 | D:5      | Identified the +0 leather armour of the Orcish Mines {Str+3
                  | Int-2 Dex+5}
  4729 | D:5      | Gained mutation: You are completely covered in molten
                  | scales. (AC +4, rF+) [demonic ancestry]
  4729 | D:5      | Reached XP level 9. HP: 67/67 MP: 9/16
  4806 | D:5      | Reached skill level 5 in Spellcasting
  5165 | D:5      | Identified the +6 flail of Hospitality {drain, Fly rC+
                  | rCorr}
  5416 | D:5      | Reached skill level 5 in Fighting
  5456 | D:5      | Found Qixoahid's Jewellery Shop.
  6947 | D:7      | Found a hide-covered altar of Uskayaw.
  7020 | D:7      | Found a staircase to the Ecumenical Temple.
  7163 | D:7      | Reached skill level 6 in Spellcasting
  7725 | D:8      | Reached skill level 5 in Short Blades
  7730 | D:8      | Gained mutation: A meltable shield of frost defends you.
                  | (SH +4) [demonic ancestry]
  7730 | D:8      | Reached XP level 10. HP: 66/74 MP: 5/19
  8050 | D:8      | Learned a level 1 spell: Freeze
  8054 | D:8      | Learned a level 3 spell: Frozen Ramparts
  8073 | D:8      | Found a transporter.
  8598 | D:8      | Found a transporter.
  8680 | D:9      | Noticed a centaur warrior
  8681 | D:9      | Noticed a skeletal warrior
  8705 | D:9      | Reached skill level 1 in Ice Magic
  8935 | D:9      | Found a staircase to the Lair.
  8948 | D:9      | Reached skill level 5 in Necromancy
  8948 | D:9      | Reached skill level 1 in Evocations
  9258 | D:9      | Noticed an orc sorcerer
  9268 | D:9      | Killed an orc sorcerer
  9269 | D:9      | Reached skill level 7 in Spellcasting
  9313 | D:9      | Noticed an orc sorcerer
  9330 | D:9      | Killed an orc sorcerer
  9331 | D:9      | Reached skill level 5 in Stealth
  9484 | Temple   | Entered the Ecumenical Temple
  9561 | D:9      | Noticed a boulder beetle
  9572 | D:9      | Noticed a centaur warrior
  9577 | D:9      | Killed a centaur warrior
  9578 | D:9      | Reached skill level 5 in Armour
  9578 | D:9      | Reached XP level 11. HP: 79/79 MP: 18/21
  9624 | D:9      | Noticed an orc knight
  9638 | D:9      | Killed an orc knight
  9816 | D:9      | Noticed a boulder beetle
  9833 | D:9      | Killed a boulder beetle
 10312 | D:9      | Killed a skeletal warrior
 10434 | D:9      | Noticed a sun demon
 10444 | D:9      | HP: 1/79 [rust devil[a kobold demonologist] (4)]
 10446 | D:9      | Reached skill level 5 in Translocations
 10684 | D:9      | Killed a boulder beetle
 10847 | D:9      | Killed a centaur warrior
 10981 | D:9      | Identified the +1 chain mail of Ruwnirphe {Harm Str+2}
 11249 | D:10     | Entered Level 10 of the Dungeon
 11267 | D:10     | Reached skill level 8 in Spellcasting
 11560 | D:10     | Found an opulent altar of Gozag.
 11567 | D:10     | Fell from the grace of Ignis
 11567 | D:10     | Became a worshipper of Gozag Ym Sagoz the Greedy
 11587 | D:10     | Reached skill level 5 in Ice Magic
 11991 | D:10     | Gained mutation: Spells you cast may paralyse nearby
                  | enemies. [demonic ancestry]
 11991 | D:10     | Reached XP level 12. HP: 29/86 MP: 12/24
 12765 | D:10     | You fall into a shaft and drop 1 floor!
 12765 | D:11     | Found a shimmering blue altar of Sif Muna.
 12844 | D:11     | Noticed a two-headed ogre
 12875 | D:11     | Killed a two-headed ogre
 13337 | D:10     | Noticed a two-headed ogre
 13340 | D:10     | Killed a two-headed ogre
 13357 | D:10     | Learned a level 5 spell: Fireball
 13492 | D:11     | Noticed a two-headed ogre
 13498 | D:11     | Killed a two-headed ogre
 13977 | D:11     | You fall into a shaft and drop 1 floor!
 14152 | D:12     | Noticed a boulder beetle
 14159 | D:12     | Killed a boulder beetle
 14160 | D:12     | Reached skill level 1 in Conjurations
 14368 | D:12     | Found a roughly hewn altar of Beogh.
 14368 | D:12     | Found a staircase to the Orcish Mines.
 14676 | D:12     | Noticed a tengu warrior
 14680 | D:12     | Noticed a centaur warrior
 14683 | D:12     | Killed a tengu warrior
 14684 | D:12     | Reached skill level 9 in Spellcasting
 14698 | D:12     | Killed a centaur warrior
 14770 | D:12     | Was forgiven by Ignis
 15144 | D:12     | Bought a +2 pair of boots of flying for 279 gold pieces
 15251 | Lair:1   | Entered Level 1 of the Lair of Beasts
 15776 | Lair:1   | Reached XP level 13. HP: 84/91 MP: 23/26
 15948 | Lair:1   | Reached skill level 5 in Evocations
 16671 | Lair:2   | Found a frozen archway.
 16685 | IceCv    | Entered an ice cave
 17012 | IceCv    | Learned a level 6 spell: Permafrost Eruption
 17896 | IceCv    | Reached skill level 1 in Earth Magic
 17958 | IceCv    | Noticed a quicksilver ooze
 17965 | IceCv    | Killed a quicksilver ooze
 18103 | IceCv    | Noticed an azure jelly
 18110 | IceCv    | Noticed an azure jelly
 18119 | IceCv    | Killed an azure jelly
 18429 | IceCv    | Killed an azure jelly
 18506 | IceCv    | Found a viscous altar of Jiyva.
 18528 | IceCv    | Got the Dissertation on the Iceberg
 18532 | IceCv    | Got the +4 whip of Ifuttoid {freeze, *Slow rC+ Str+5}
 18956 | Lair:2   | Reached skill level 10 in Spellcasting
 19653 | Lair:2   | Found a staircase to the Swamp.
 19793 | Lair:2   | Found a staircase to the Snake Pit.
 20487 | Lair:3   | Reached XP level 14. HP: 83/98 MP: 21/28
 20964 | Lair:3   | Noticed Nergalle
 20973 | Lair:3   | Killed Nergalle
 22194 | Lair:4   | Found a staircase to the Slime Pits.
 23341 | Lair:5   | Entered Level 5 of the Lair of Beasts
 24287 | Lair:5   | Reached skill level 5 in Earth Magic
 24293 | Lair:5   | Reached skill level 5 in Conjurations
 24625 | Lair:5   | Reached skill level 11 in Spellcasting
 25226 | Lair:5   | Bought a glowing buckler for 270 gold pieces
 25740 | D:13     | Noticed Kirke
 25744 | D:13     | Noticed Snorg
 25755 | D:13     | Killed Kirke
 25758 | D:13     | Noticed an ironbound preserver
 25760 | D:13     | Reached skill level 1 in Shields
 25832 | D:13     | Killed an ironbound preserver
 25835 | D:13     | Killed Snorg
 25931 | D:12     | Reached XP level 15. HP: 93/103 MP: 21/30
 26280 | D:13     | Noticed Heussueq's ghost (journeyman SpBr)
 26283 | D:13     | Found a runed translucent door.
 26291 | D:13     | Noticed Erolcha
 26299 | D:13     | Killed Erolcha
 26460 | D:13     | Found a gate to the Vaults.
 26737 | D:13     | Killed Heussueq's ghost
 27233 | D:14     | Found Yjirrorch's Blood Bar.
 27560 | D:14     | Upgraded the game from 0.32-a0-900-g30fb1b0edc to
                  | 0.32-a0-909-gc671339a80
 27584 | D:15     | Entered Level 15 of the Dungeon
 28147 | D:15     | Found a staircase to the Depths.
 29234 | Orc:1    | Entered Level 1 of the Orcish Mines
 29527 | Orc:2    | Entered Level 2 of the Orcish Mines
 30092 | Orc:2    | Found Qator's General Store.
 30095 | Orc:2    | Found a staircase to the Elven Halls.
 30150 | Orc:1    | Reached skill level 10 in Ice Magic
 31242 | Orc:2    | Reached skill level 10 in Fire Magic
 31591 | Orc:2    | Found Ypnyos's Assorted Antiques.
 31594 | Orc:2    | Found Waplipn's Armour Shop.
 31595 | Orc:2    | Found Ruvekuf's Assorted Antiques.
 31596 | Orc:2    | Found Veloelu's Book Boutique.
 31599 | Orc:2    | Bought a dazzling cloak for 228 gold pieces
 31599 | Orc:2    | Identified the +2 cloak "Ykuw Lae" {Dex+5} (You bought it
                  | in a shop on level 2 of the Orcish Mines)
 32049 | Lair:5   | Bought the amulet "Biss" {Acrobat Regen+ rCorr Stlth+} for
                  | 499 gold pieces
 32049 | Lair:5   | Bought the ring "Cucumn" {rElec EV+5} for 550 gold pieces
 32308 | D:14     | Bought a book of Annihilations for 960 gold pieces
 32318 | D:14     | Learned a level 9 spell: Chain Lightning
 32490 | Swamp:1  | Entered Level 1 of the Swamp
 32510 | Swamp:1  | Gained mutation: You have a pair of horns on your head.
                  | [demonic ancestry]
 32510 | Swamp:1  | Reached XP level 16. HP: 18/109 MP: 13/31
 32878 | Swamp:1  | Reached skill level 12 in Spellcasting
 32918 | Swamp:1  | Reached skill level 1 in Air Magic
 33755 | Swamp:1  | Identified the +0 pair of gloves of the Inviting Gods {Fly
                  | Int+3 Dex-5}
 33987 | Swamp:1  | Found a transporter.
 33991 | Swamp:1  | Noticed Geiziwus's ghost (adept FoAK)
 34006 | Swamp:1  | Found a transporter.
 34280 | Swamp:1  | Killed Geiziwus's ghost
 34289 | Swamp:1  | Identified the +0 hat of the Teaching Gods {Rampage rF+
                  | rN++ Int-5}
 34296 | Swamp:1  | Identified the ring of Desoig {rElec rF+ SInv}
 34555 | Swamp:2  | Noticed a tentacled monstrosity
 34590 | Swamp:2  | Killed a tentacled monstrosity
 34883 | Swamp:2  | Noticed a thorn hunter
 35639 | Swamp:2  | Killed a thorn hunter
 35812 | Swamp:2  | HP: 1/109 [shambling mangrove (18)]
 36312 | Swamp:2  | Identified the staff of Yzaliv {*Slow rF+ Dex-5 SInv Fire
                  | Alchemy}
 36314 | Swamp:2  | Succumbed to poison (dark miasma)

Illustrated notes

Levels and vault maps discovered:
D:1:      onia_arrival_pyramid, layout_basic, nicolae_houndstooth_variations
D:2:      layout_basic, grunt_ministairs_3
D:3:      cheibrodos_fertilizer, layout_rooms
D:4:      layout_rooms, gammafunk_temple_overflow_wave,
          nicolae_ossuary_entry_plus, serial_shops, nicolae_shop_real_fake_doors
D:5:      layout_rooms, serial_shops, kennysheep_little_box,
          hangedman_glass_teeth, minmay_misc_feat_nine_boxes,
          serial_library_hellmonk_u_bend
D:6:      layout_loops_ring, nicolae_tso_besieged_by_evil,
          kennysheep_cross_bottleneck
D:7:      layout_loops_ring, general_overflow_altar, minmay_temple_entry_glass
D:8:      layout_basic, nicolae_diode_stairs
D:9:      minmay_the_grid_plus_closed [minmay_the_grid_outer_circle,
          minmay_the_grid_tri_star, minmay_the_grid_armoury,
          minmay_the_grid_garden, minmay_the_grid_prize_four_corners],
          layout_cave_pools, minmay_mirror_moons_of_madness
D:10:     layout_gridville, kennysheep_mini, einodemon_armed_red_devil_minivault
D:11:     layout_loops_ring, hellmonk_sif_muna_bookshelves, uniq_maurice
D:12:     layout_loops_ring, david_orc_5
D:13:     layout_rooms, skrybe_vaults_entry_preservation,
          hellmonk_ghost_happy_afterlife, uniq_kirke, uniq_erolcha, uniq_snorg
D:14:     layout_loops_cross, serial_bayou_ford_a, guppyfry_shop_blood
D:15:     grunt_enter_depths_magical_seal, layout_stronghold,
          serial_column_ruins, column_ruins_square_medium, column_ruins_grid_1,
          column_ruins_grid_3, column_ruins_grid_1,
          column_ruins_corridor_corner, column_ruins_grid_1
Temple:   sentei_temple_godly_chess
Lair:1:   dreamdust_cave_troll, layout_loops_ring
Lair:2:   layout_chaotic_city, mainiacjoe_swamp_entry_lozenge_pond,
          guppyfry_snake_entry_island, portal_ice_cave_entry_pillars_1
Lair:3:   layout_cave_pods, grunt_megastairs_4, serial_bayou_shore_b,
          serial_bayou_shore_a, uniq_nergalle
Lair:4:   layout_regular_city, slime_entry_1, grunt_forest_small_clearing_treed,
          serial_bayou_shore_b
Lair:5:   minmay_lair_end_enchanted_forest, layout_cave_pods,
          nicolae_quartered_pool_super
Swamp:1:  layout_basic_swamp, gammafunk_ghost_berserking_beasts,
          evilmike_swamp_ruin_house_6
Swamp:2:  nzn_winding_woodlands_three_and_one
          [nzn_winding_woodlands_5x15_river_crossing,
          nzn_winding_woodlands_5x15_crooked,
          nzn_winding_woodlands_5x15_lazy_stream,
          nzn_winding_woodlands_center_lodge], layout_falls_marsh,
          hangedman_swamp_ruin_hall, swamp_pool_1_2
Orc:1:    layout_caves
Orc:2:    st_orc_pillars, layout_caves, serial_shops, shop

Skill      XL: |  1  2  3  4  5  6  7  8  9 10 11 12 13 14 15 16 |
---------------+-------------------------------------------------+-----
Fire Magic     | 3 4 5 6 7 8 9 10 | 10.0
Armour         | 1 2 3 4 5 |  5.0
Spellcasting   | 2 3 4 6 7 8 9 10 11 12 | 12.2
Short Blades   | 3 4 5 6 7 8 9 |  9.5
Stealth        | 1 2 3 4 5 6 7 8 9 |  9.6
Translocations | 1 2 3 4 5 6 |  6.0
Necromancy     | 1 2 3 4 5 6 7 8 |  8.0
Fighting       | 4 5 |  5.0
Ice Magic      | 3 5 6 8 9 10 | 10.5
Evocations     | 2 3 4 5 6 7 8 |  8.1
Conjurations   | 2 4 5 6 7 |  7.8
Earth Magic    | 3 5 7 |  7.7
Shields        | 1 3 4 |  4.3
Air Magic      | 3 |  3.6

Action                     |  1- 3 |  4- 6 |  7- 9 | 10-12 | 13-15 | 16-18 || total
---------------------------+-------+-------+-------+-------+-------+-------++-------
  Melee: Dagger            |   102 |   114 |   236 |   347 |   562 |    76 ||  1437
         Headbutt          |    10 |    23 |    44 |    83 |    95 |    19 ||   274
         Staff             |       |       |       |       |     8 |       ||     8
  Throw: Throwing net      |       |       |       |     1 |       |       ||     1
   Cast: Scorch            |     6 |    55 |   143 |   264 |   843 |    95 ||  1406
         Lesser Beckoning  |       |       |       |     3 |       |       ||     3
         Freeze            |       |       |       |    27 |       |       ||    27
         Dispel Undead     |       |       |       |     7 |    12 |     7 ||    26
         Frozen Ramparts   |       |       |       |    13 |    27 |     2 ||    42
         Fireball          |       |       |       |       |     3 |    83 ||    86
         Permafrost Erupti |       |       |       |       |       |     4 ||     4
 Invoke: Fiery Armour      |       |     1 |       |     2 |       |       ||     3
         Foxfire Swarm     |       |       |       |     1 |       |       ||     1
         Call Merchant     |       |       |       |     1 |     3 |       ||     4
         Potion Petition   |       |       |       |       |     1 |       ||     1
  Evoke: Wand              |       |       |       |     1 |     4 |       ||     5
         Phantom mirror    |       |       |       |       |       |     1 ||     1
    Use: Scroll            |       |       |    15 |    12 |    11 |     2 ||    40
         Potion            |       |       |       |     7 |     4 |     6 ||    17
   Stab: Paralysed         |     2 |    22 |    51 |   100 |   253 |    21 ||   449
         Held in net/web   |       |       |       |     1 |       |       ||     1
         Distracted        |       |       |       |     1 |     1 |       ||     2
         Sleeping          |       |       |       |     2 |     2 |       ||     4
 Armour: Robe              |    53 |    10 |       |       |       |       ||    63
         Ring mail         |       |    41 |       |       |       |       ||    41
         Leather armour    |       |    13 |   130 |   323 |   639 |   208 ||  1313
  Dodge: Dodged            |    71 |    71 |   133 |   318 |   610 |    84 ||  1287
  Block: Other             |       |       |       |    42 |    52 |       ||    94
         Buckler           |       |       |       |       |   162 |    59 ||   221
         Reflection        |       |       |       |       |    28 |     1 ||    29

Table legend: (Time is in decaauts)
 A = Elapsed time spent in this place.
 B = Non-inter-level travel time spent in this place.
 C = Inter-level travel time spent in this place.
 D = Time resting spent in this place.
 E = Time spent auto-exploring this place.
 F = Levels seen in this place.
 G = Mean time per level.
                   A        B        C        D        E       F      G
               +--------+--------+--------+--------+--------+-----+--------+
         Total |  35932 |  33574 |   2358 |      0 |  27644 |  27 | 1330.8 |
       Dungeon |  18725 |  17188 |   1537 |      0 |  14393 |  15 | 1248.3 |
        Temple |      1 |      0 |      1 |      0 |      0 |   1 |    1.0 |
          Lair |   8625 |   8052 |    573 |      0 |   6817 |   5 | 1725.0 |
         Swamp |   3490 |   3365 |    125 |      0 |   2768 |   2 | 1745.0 |
  Orcish Mines |   2561 |   2441 |    120 |      0 |   1880 |   2 | 1280.5 |
       Ossuary |    576 |    576 |      0 |      0 |    425 |   1 |  576.0 |
      Ice Cave |   1953 |   1953 |      0 |      0 |   1361 |   1 | 1953.0 |
               +--------+--------+--------+--------+--------+-----+--------+

Top non-repeatable levels by time:
     D:9: 2255 daAuts
  Lair:3: 2065 daAuts
    D:10: 2060 daAuts
  Lair:5: 1961 daAuts
   IceCv: 1953 daAuts
  Lair:2: 1951 daAuts
 Swamp:1: 1835 daAuts
 Swamp:2: 1654 daAuts
    D:12: 1614 daAuts
    D:15: 1563 daAuts
   Orc:2: 1394 daAuts
     D:8: 1356 daAuts
  Lair:1: 1352 daAuts
  Lair:4: 1293 daAuts
     D:6: 1277 daAuts
